 Dungeon Crawl Stone Soup version 0.32-a0-132-g2d33c3cfaf (webtiles) character file.

Game seed: 17182980848853933303

1330 seren the Changeling (level 8, 0/63 HPs)
             Began as a Green Draconian Shapeshifter on Feb 9, 2024.
             Was a Follower of Wu Jian.
             Slain by an ogre
             ... wielding a +0 giant spiked club
              (26 damage)
             ... on level 6 of the Dungeon.
             The game lasted 00:11:12 (5067 turns).

seren the Changeling (Green Draconian Shapeshifter) Turns: 5067, Time: 00:11:13

Health: 0/63       AC:  6    Str: 19    XL:     8   Next: 34%
Magic:  8/8        EV: 13    Int: 10    God:    Wu Jian [*.....]
Gold:   181        SH:  0    Dex: 11    Spells: 7/7 levels left

rFire   . .          .
                       - Unarmed
rCold   . . .        (no shield)
rNeg    . . .        (body armour unavailable)
rPois   +            (helmet currently unavailable)
rElec   .            (cloak currently unavailable)
rCorr   .            (gloves currently unavailable)
SInv    .            n - melded +0 pair of boots
Will    .....        (no amulet)
Stlth   +            (no ring)
HPRegen 0.30/turn    (no ring)
MPRegen 0.11/turn

%: no passive effects
@: beast-form
A: beast (slay +3), breathe noxious fumes, AC +6, unfitting armour, poison
resistance, cold-blooded
a: Breathe Noxious Fumes, Begin Untransformation, Renounce Religion


You were on level 6 of the Dungeon.
You worshipped Wu Jian.
Wu Jian was aware of your devotion.
You were a hulking beast.
You visited 2 branches of the dungeon, and saw 7 of its levels.

You collected 277 gold pieces.
You spent 96 gold pieces at shops.

Inventory:

Missiles
 r - 4 boomerangs (quivered)
 y - 4 javelins
 A - 2 curare-tipped darts
Armour
 n - a +0 pair of boots (melded)
 t - a +0 helmet
Talismans
 b - a beast talisman (active)
 c - a flux talisman
 B - a blade talisman
Wands
 x - a wand of flame (32)
Scrolls
 d - a scroll of fog
 e - 2 scrolls of revelation
 f - a scroll of butterflies {unknown}
 g - a scroll of enchant armour {unknown}
 j - 2 scrolls of immolation
 k - a scroll of identify
 m - a scroll of brand weapon {unknown}
 p - 3 scrolls of amnesia
 s - a scroll of blinking {!r}
 w - 2 scrolls of teleportation {!r}
Potions
 a - 2 potions of lignification
 h - a potion of mutation {unknown}
 i - 3 potions of resistance
 l - 2 potions of heal wounds
 o - a potion of invisibility {unknown}
 q - 6 potions of curing
 u - a potion of attraction {unknown}
 v - a potion of haste {unknown}
 z - a potion of degeneration {unknown}


   Skills:
 - Level 3.0 Fighting
 + Level 4.5 Dodging
 - Level 5.4 Unarmed Combat
 + Level 3.5 Evocations
 * Level 6.4 Shapeshifting


You had 7 spell levels left.
You didn't know any spells.
Your spell library contained the following spells:

 Spells                   Type           Power      Damage    Failure   Level
 Hailstorm                Conj/Ice       0%         3d5       75%         3
 Summon Ice Beast         Ice/Summ       0%         N/A       75%         3
 Sculpt Simulacrum        Ice/Alch       0%         N/A       100%        6


Dungeon Overview and Level Annotations

Branches:
Dungeon (6/15)             Temple (1/1) D:4

Altars:
Ashenzari
Cheibriados
Dithmenos
Elyvilon
Fedhas
Gozag
Hepliaklqana
Makhleb
Nemelex Xobeh
Okawaru
Qazlal
Ru
Trog
Uskayaw
Vehumet
Wu Jian
Xom
Yredelemnul
Zin
The Shining One

Shops:
D:3 !

Annotations:
D:4 Pikel


Innate Abilities, Weirdness & Mutations

You are a hulking beast.
Your limbs bulge with bestial killing power. (Slay +3)
You can breathe blasts of noxious fumes.
Your lurid green scales are hard. (AC +6)
You cannot fit into any form of body armour.
Your system is resistant to poisons. (rPois)
You are cold-blooded and may be slowed by cold attacks.


Message History

You now have 181 gold pieces (gained 7).
There is an open door here.
There is an open door here.
There is an open door here.
Found a stone staircase leading down.
You open the door.
There is an open door here.
You see here the +3 sling of the Mashing Pariah {elec, rC- Dex+5}.
You open the door.
A sleepcap comes into view.
A jelly comes into view.
There is an open door here.
The jelly quivers.
You hit the sleepcap. You tail-slap the sleepcap.
The sleepcap is moderately damaged.
An ogre comes into view. It is wielding a +0 giant spiked club.
The sleepcap misses you.
You completely miss the sleepcap. You tail-slap the sleepcap.
The sleepcap is heavily damaged.
The sleepcap misses you.
You completely miss the sleepcap. You punch the sleepcap.
The sleepcap is severely damaged.
You hit the sleepcap but do no damage.
The sleepcap is severely damaged.
The sleepcap releases spores at you. The jelly closely misses you.
There is an open door here.
You hit the sleepcap. You tail-slap the sleepcap.
You destroy the sleepcap!
The Council accepts your kill. The jelly barely misses you.
The jelly attacks as it pursues you! The jelly completely misses you.
You punch the jelly!
Your hands burn!
You tail-slap the jelly!
You kill the jelly!
The Council accepts your kill. The ogre attacks as it pursues you!
The ogre hits you with a +0 giant spiked club!!
* * * LOW HITPOINT WARNING * * *
The ogre attacks as it pursues you!
The ogre hits you with a +0 giant spiked club!!
You die...

#....... #.......
#...... ###......
........##########
........'........#
........#........#
........#O.......#
........#h.......#
........#........#
........#........#
........#....#####
###.....#....##.##.
#.....#........... ..
#.)......... ...
#...........
....###'##############


You could see an ogre.

Vanquished Creatures
  A water moccasin (D:6)
  An ice beast (D:5)
  2 ogres
  A centaur (D:6)
  A phantom (D:5)
  3 lemures
  A bullfrog (D:6)
  A scorpion (D:4)
  A howler monkey (D:5)
  2 bombardier beetles
  3 hounds
  A jelly (D:6)
  2 orc priests
  2 sleepcaps
  3 iguanas
  An orc wizard (D:5)
  Robin (D:3)
  11 adders
  2 ufetubi (D:6)
  5 dart slugs
  A ribbon worm (D:3)
  14 orcs
  4 ball pythons
  8 bats
  6 endoplasms
  3 giant cockroaches (D:2)
  15 goblins
  8 hobgoblins
  7 jackals
  5 quokkas
  2 frilled lizards
  2 kobolds
  17 rats
137 creatures vanquished.

Notes
Turn   | Place    | Note
-------+----------+-------------------------------------------
     0 | D:1      | seren the Draconian Shapeshifter began the quest for the
                  | Orb.
     0 | D:1      | Reached XP level 1. HP: 16/16 MP: 1/1
   200 | D:1      | Reached XP level 2. HP: 17/23 MP: 2/2
   477 | D:1      | Reached XP level 3. HP: 22/29 MP: 3/3
   978 | D:2      | Reached XP level 4. HP: 32/36 MP: 4/4
  1624 | D:3      | Noticed Robin
  1650 | D:3      | Killed Robin
  1922 | D:3      | Reached XP level 5. HP: 42/42 MP: 5/5
  2214 | D:3      | Found a stormy altar of Qazlal.
  2325 | D:3      | Found Zinibifi's Distillery.
  2330 | D:3      | Bought a potion of curing for 36 gold pieces
  2330 | D:3      | Bought a potion of heal wounds for 60 gold pieces
  2673 | D:4      | Reached skill level 4 in Shapeshifting
  2849 | D:4      | Noticed an ogre
  2978 | D:4      | Reached XP level 6. HP: 33/51 MP: 6/6
  3062 | D:4      | Found a staircase to the Ecumenical Temple.
  3074 | Temple   | Entered the Ecumenical Temple
  3095 | Temple   | Became a worshipper of the Wu Jian Council
  3116 | D:4      | Noticed Pikel
  3522 | D:5      | Entered Level 5 of the Dungeon
  3633 | D:5      | Reached skill level 1 in Evocations
  3766 | D:5      | Your scales start taking on a lurid green colour.
  3766 | D:5      | Reached XP level 7. HP: 52/57 MP: 7/7
  3766 | D:5      | Gained mutation: Your system is resistant to poisons.
                  | (rPois) [Green Draconian growth]
  3843 | D:5      | Reached skill level 5 in Unarmed Combat
  3857 | D:5      | Reached skill level 5 in Shapeshifting
  3877 | D:5      | Found a hide-covered altar of Uskayaw.
  3986 | D:5      | Found a snail-covered altar of Cheibriados.
  3988 | D:5      | Found a shadowy altar of Dithmenos.
  3988 | D:5      | Found a glowing silver altar of Zin.
  3988 | D:5      | Found a glowing golden altar of the Shining One.
  4587 | D:6      | Reached * piety under Wu Jian
  4588 | D:6      | Reached XP level 8. HP: 55/63 MP: 8/8
  4807 | D:6      | Reached skill level 6 in Shapeshifting
  5043 | D:6      | Identified the +3 sling of the Mashing Pariah {elec, rC-
                  | Dex+5}
  5067 | D:6      | Slain by an ogre

Illustrated notes

Levels and vault maps discovered:
D:1:      lightli_arrival_isolated_outpost, layout_loops_ring
D:2:      layout_basic, minmay_rat_gold_closets
D:3:      layout_basic, old_standard_altar, serial_shops, nicolae_shop_crystal,
          hangedman_abyss_or_decor_stabs, nrook_campfire, uniq_robin
D:4:      layout_basic, minmay_temple_entry_ruins, uniq_pikel
D:5:      layout_loops_ring, grunt_temple_overflow_open,
          mainiacjoe_overflow_alcove_2
D:6:      layout_gridville, st_stairs_1, minmay_misc_feat_pillars
Temple:   eino_narrow_crystal_temple

Skill      XL: |  1  2  3  4  5  6  7  8 |
---------------+-------------------------+-----
Dodging        | 2 3 4 |  4.5
Fighting       | 2 3 |  3.0
Unarmed Combat | 4 5 |  5.4
Shapeshifting  | 4 5 6 |  6.4
Evocations     | 1 2 3 |  3.5

Action                     |  1- 3 |  4- 6 |  7- 9 || total
---------------------------+-------+-------+-------++-------
  Melee: Unarmed           |    86 |   265 |    90 ||   441
         Tailslap          |    11 |    23 |    18 ||    52
         Punch             |     1 |     8 |     3 ||    12
  Throw: Boomerang         |       |       |     1 ||     1
Ability: Begin Untransform |       |     1 |       ||     1
         Lunge             |       |       |     6 ||     6
         Breathe Noxious F |       |       |     4 ||     4
         Whirlwind         |       |       |     1 ||     1
    Use: Scroll            |       |     3 |     4 ||     7
   Stab: Sleeping          |     2 |     2 |       ||     4
 Armour: Skin              |    44 |   142 |    39 ||   225
  Dodge: Dodged            |    49 |   167 |    48 ||   264
   Form: Beast             |       |     1 |       ||     1

Table legend: (Time is in decaauts)
 A = Elapsed time spent in this place.
 B = Non-inter-level travel time spent in this place.
 C = Inter-level travel time spent in this place.
 D = Time resting spent in this place.
 E = Time spent auto-exploring this place.
 F = Levels seen in this place.
 G = Mean time per level.
                   A        B        C        D        E       F      G
               +--------+--------+--------+--------+--------+-----+--------+
         Total |   5050 |   4714 |    336 |    458 |   2916 |   7 |  721.4 |
       Dungeon |   5013 |   4708 |    305 |    458 |   2916 |   6 |  835.5 |
        Temple |     36 |      5 |     31 |      0 |      0 |   1 |   36.0 |
               +--------+--------+--------+--------+--------+-----+--------+

Top non-repeatable levels by time:
     D:3: 1129 daAuts
     D:2: 1101 daAuts
     D:5: 955 daAuts
     D:4: 683 daAuts
     D:1: 576 daAuts
     D:6: 566 daAuts
  Temple: 36 daAuts
